 Dungeon Crawl Stone Soup version 0.30.0-5-g1a98f26d00 (webtiles) character file.

Game seed: 3020748418222431334

40838 zazu2006 the Thaumaturge (level 14, -6/98 (108) HPs)
             Began as a Gnoll Wanderer on May 8, 2023.
             Was a High Priest of Vehumet.
             Mangled by a skyshark (7 damage)
             ... on level 5 of the Lair of Beasts on May 9, 2023.
             The game lasted 01:03:10 (21027 turns).

zazu2006 the Thaumaturge (Gnoll Wanderer)          Turns: 21027, Time: 01:03:11

HP:   -6/98 (108)   AC: 10    Str: 11    XL:     14   Next: 12%
MP:   37/39         EV: 15    Int: 20    God:    Vehumet [*****.]
Gold: 1559          SH: 11    Dex: 12    Spells: 16/38 levels left

rFire   + . .        b - +9 staff of Olgreb {rPois∞}
rCold   . . .        H - +0 buckler
rNeg    . . .        m - +2 robe "Hemut" {MP+9 Int+3}
rPois   ∞            d - +0 helmet
rElec   .            U - +1 cloak {rF+}
rCorr   .            (no gloves)
SInv    .            D - +0 pair of boots
Will    +....        Y - amulet of reflection
Stlth   ++++++++     N - ring of Shadows {Umbra +Inv Stlth+}
HPRegen 0.36/turn    l - +4 ring of slaying
MPRegen 0.26/turn

%: reflection
@: wreathed by umbra, drained
A: fangs 1, strong nose, distributed training
a: Renounce Religion, Evoke Invisibility, Evoke the Staff of Olgreb


You were on level 5 of the Lair of Beasts.
You worshipped Vehumet.
Vehumet was extremely pleased with you.
You visited 4 branches of the dungeon, and saw 18 of its levels.
You also visited: Ossuary and Volcano.

You collected 1901 gold pieces.
You spent 342 gold pieces at shops.

Inventory:

Hand Weapons
 b - the +9 staff of Olgreb (weapon) {rPois∞}
   (You found it on level 8 of the Dungeon)

   It enhances your poison magic.
   It grants immunity to poison.
   It can be activated via the 'a'bility menu to radiate toxic energy, with
   effectiveness depending on Evocations skill.
Missiles
 I - a throwing net (quivered)
Armour
 d - a +0 helmet (worn)
 m - the +2 robe "Hemut" (worn) {MP+9 Int+3}
   (You bought it in a shop on level 4 of the Dungeon)

   Int:       It affects your intelligence (+3).
   MP:        It affects your magic capacity (+9).
 D - a +0 pair of boots (worn)
 H - a +0 buckler (worn)
 U - a +1 cloak of fire resistance (worn)
Jewellery
 l - a +4 ring of slaying (right hand)
 p - the amulet "Lounuv" {Spirit rC+ Int+3}
   (You found it on level 4 of the Lair of Beasts)

   [amulet of guardian spirit]

   It causes incoming damage to be divided between your reserves of health and
   magic.
   Int:       It affects your intelligence (+3).
   rC:        It protects you from cold.
 N - the ring of Shadows (left hand) {Umbra +Inv Stlth+}
   (You found it on level 10 of the Dungeon)

   [ring of stealth]

   Umbra:     It surrounds you with an aura of shadow, increasing your stealth
   and reducing the accuracy of all others within it.
   +Inv:      It lets you turn invisible.
   Stlth:     It makes you more stealthy.
 Y - an amulet of reflection (around neck)
Wands
 F - a wand of mindburst (14)
 G - a wand of flame (43)
 L - a wand of iceblast (6)
 M - a wand of digging (6)
 O - a wand of polymorph (5)
 Q - a wand of quicksilver (9)
Scrolls
 c - 3 scrolls of brand weapon {unknown}
 e - a scroll of magic mapping
 h - 2 scrolls of poison {unknown}
 j - a scroll of immolation {unknown}
 o - 11 scrolls of teleportation
 y - 2 scrolls of fear
 C - 2 scrolls of blinking {unknown}
 E - 3 scrolls of fog {unknown}
 J - 3 scrolls of amnesia {unknown}
 K - a scroll of noise {unknown}
 R - 2 scrolls of torment {unknown}
 W - 2 scrolls of vulnerability {unknown}
 X - a scroll of butterflies {unknown}
Potions
 a - 5 potions of flight
 f - 6 potions of mutation
 g - 3 potions of berserk rage
 i - 6 potions of haste
 k - 4 potions of might {unknown}
 n - 5 potions of lignification
 r - 4 potions of magic
 v - 5 potions of ambrosia
 w - 2 potions of cancellation
 x - 6 potions of heal wounds {unknown}
 z - 5 potions of curing
 A - 3 potions of attraction


   Skills:
 + Level 9.3 Fighting
 + Level 9.3 Short Blades
 + Level 9.3 Long Blades
 + Level 9.3 Axes
 + Level 9.3 Maces & Flails
 + Level 9.3 Polearms
 + Level 9.3 Staves
 + Level 9.3 Ranged Weapons
 + Level 9.3 Throwing
 + Level 9.3 Armour
 + Level 9.3 Dodging
 + Level 10.2 Stealth
 + Level 9.3 Shields
 + Level 9.3 Unarmed Combat
 + Level 12.9 Spellcasting
 + Level 9.5 Conjurations
 + Level 7.7 Hexes
 + Level 7.7 Summonings
 + Level 7.7 Necromancy
 + Level 7.7 Translocations
 + Level 7.7 Transmutations
 + Level 7.7 Fire Magic
 + Level 7.7 Ice Magic
 + Level 7.7 Air Magic
 + Level 7.7 Earth Magic
 + Level 7.7 Poison Magic
 + Level 10.4 Invocations
 + Level 9.3 Evocations


You had 16 spell levels left.
You knew the following spells:

 Your Spells              Type           Power      Damage    Failure   Level
a - Magic Dart            Conj           100%       1d8       1%          1
b - Mephitic Cloud        Conj/Pois/Air  62%        N/A       1%          3
c - Flame Wave            Conj/Fire      47%        2d12      1%          4
d - Dazzling Flash        Conj/Hex       94%        N/A       1%          3
e - Freezing Cloud        Conj/Ice/Air   23%        6-21      1%          5
f - Iron Shot             Conj/Erth      23%        9d5       8%          6

Your spell library contained the following spells:

 Spells                   Type           Power      Damage    Failure   Level
 Fulminant Prism          Conj/Hex       23%        3d12      1%          4
 Beastly Appendage        Tmut           88%        N/A       1%          1
 Shock                    Conj/Air       100%       1d9       1%          1
 Cigotuvi's Dreadful Rot  Necr/Pois/Air  100%       N/A       1%          2
 Wereblood                Tmut           44%        N/A       1%          2
 Ignite Poison            Fire/Tmut/Pois 60%        N/A       1%          3
 Spider Form              Tmut/Pois      60%        N/A       1%          3
 Swiftness                Air            44%        N/A       1%          3
 Irradiate                Conj/Tmut      23%        3d19      1%          5
 Animate Armour           Summ/Erth      88%        N/A       2%          4
 Blade Hands              Tmut           22%        N/A       8%          5
 Dragon Form              Tmut           22%        N/A       92%         7


Dungeon Overview and Level Annotations

Branches:
Dungeon (10/15)            Temple (1/1) D:5            Lair (5/5) D:8
 Shoals (0/4) Lair:2       Spider (0/4) Lair:2        Slime (0/5) Lair:4
    Orc (2/2) D:10            Elf (0/3) Orc:2       Ossuary (visited)
Volcano (visited)

Altars:
Ashenzari
Cheibriados
Dithmenos
Elyvilon
Fedhas
Gozag
Hepliaklqana
Kikubaaqudgha
Makhleb
Nemelex Xobeh
Okawaru
Qazlal
Ru
Sif Muna
Trog
Uskayaw
Vehumet
Wu Jian
Xom
Yredelemnul
Zin
The Shining One
Jiyva

Shops:
D:4 [   D:7 *(   Orc:1 =   Orc:2 =!=[

Annotations:
D:8 1 runed translucent door
Lair:1 2 transporters, adizb's ghost, journeyman DEHu
Lair:4 1 runed translucent door
Orc:1 1 runed translucent door


Innate Abilities, Weirdness & Mutations

You have very sharp teeth.
Your uncanny sense of smell can sniff out nearby items.
Your experience applies equally to all skills.


Message History

The skyshark tail-slaps you.
You sock the skyshark!
You envenom the skyshark!
The skyshark looks even sicker.
Your bite misses the skyshark.
The skyshark is severely wounded.
The cane toad misses you. The skyshark bites you!
The skyshark tastes blood and grows stronger!
You block the skyshark's attack. The skyshark closely misses you.
You completely miss the skyshark.
The skyshark is severely wounded.
The cane toad stings you!! The skyshark bites you!
The skyshark enters a blood-rage!
You block the skyshark's attack. The skyshark tail-slaps you.
You feel drained.
You fail to use your ability.
The skyshark bites you!!
* * * LOW HITPOINT WARNING * * *
The skyshark barely misses you. You block the skyshark's attack.
The cane toad stings you but does no damage.
Unknown command.
Okay, then.
Casting: Mephitic Cloud (safe; 1% risk of failure)
Confirm with . or Enter, or press ? or * to list all spells.
Aiming: Mephitic Cloud (safe; 1% risk of failure)
Press: ? - help, Shift-Dir - straight line, f - skyshark
Aim: a skyshark (severely wounded, berserk, very poisoned, umbra, chance to affect: 53%)
You feel a surge of power!
The ball explodes into a vile cloud!
The stinking cloud engulfs the skyshark but does no damage.
The skyshark is severely wounded.
The stinking cloud engulfs you but does no damage.
You hear a croak.
You hear a bellow! x4
The cane toad looks more healthy.
The skyshark is engulfed in noxious fumes.
The skyshark bites you!
* * * LOW HITPOINT WARNING * * *
The skyshark tail-slaps you.
* * * LOW HITPOINT WARNING * * *
The skyshark barely misses you. You block the cane toad's attack.
The skyshark is engulfed in noxious fumes.
The skyshark completely misses you. The skyshark tail-slaps you.
* * * LOW HITPOINT WARNING * * *
The skyshark tail-slaps you!
You die...

... ....
#....
######...#
#........#
##........# .
#...F.#..#...
#..§@○.......
##.☼l<.......
#.☼○§.......
#..#.#..#..##
##.##...# ##
## .### .# #.
#


You could see a skyshark (berserk, very poisoned) and a cane toad.

Vanquished Creatures
  Nessos (Lair:3)
  Erolcha (Orc:1)
  2 ogre magi (Orc:2)
  A two-headed ogre (D:10)
  Urug (Orc:1)
  Nergalle (Orc:2)
  A deep elf archer (Volcano)
  2 orc knights
  7 deep elf pyromancers (Volcano)
  7 orc sorcerers (Orc:2)
  16 elephants
  3 black mambas
  Maggie (Lair:1)
  6 cane toads
  A gargoyle (D:10)
  3 komodo dragons
  4 trolls
  A polar bear (Lair:4)
  Grinder (D:3)
  4 blink frogs (Lair:2)
  2 hornets
  3 basilisks
  34 yaks
  4 fire elementals (Volcano)
  A steam dragon (D:8)
  5 wyverns
  5 redbacks
  3 wargs
  12 water moccasins
  3 hell hounds (Volcano)
  2 ice beasts
  A sky beast (D:4)
  17 orc warriors
  10 ogres
  6 wolves (Lair:2)
  2 centaurs
  A kobold brigand (D:8)
  Blork the orc (D:6)
  A gnoll sergeant (D:6)
  14 bullfrogs
  9 scorpions
  5 water moccasin zombies (Ossuary)
  8 wights (D:8)
  20 killer bees
  2 electric eels
  4 howler monkeys (D:9)
  A lava snake (D:7)
  A wyvern simulacrum (D:8)
  6 hounds
  13 orc priests
  A jelly (D:5)
  4 iguanas
  27 orc wizards
  2 mummies (Ossuary)
  10 adders
  7 gnolls
  2 shadow imps
  3 white imps
  An ufetubus (D:6)
  7 adder zombies (Ossuary)
  3 worms
  5 dart slugs
  78 orcs
  4 bats
  5 endoplasms
  4 giant cockroaches
  4 gnoll zombies (Ossuary)
  5 goblins
  4 hobgoblins
  2 jackals (D:3)
  18 kobolds
  3 quokkas
  5 ball pythons
  3 frilled lizards
  9 hobgoblin zombies (Ossuary)
  6 kobold zombies (Ossuary)
  3 orc zombies (Ossuary)
  8 rats
493 creatures vanquished.

Vanquished Creatures (collateral kills)
  A redback (D:8)
  2 scorpions (D:8)
  2 killer bees
5 creatures vanquished.

Vanquished Creatures (others)
  An orc wizard (Orc:2)
  A kobold (D:8)
2 creatures vanquished.

Grand Total: 500 creatures vanquished

Notes
Turn   | Place    | Note
-------+----------+-------------------------------------------
     0 | D:1      | Reached skill level 9 in Spellcasting
     0 | D:1      | zazu2006 the Gnoll Wanderer began the quest for the Orb.
     0 | D:1      | zazu2006 set off with the following items: a +0 dagger, a
                  | potion of curing, a +0 robe, a +0 helmet; and the following
                  | spells available to memorise: Magic Dart, Shock, Mephitic
                  | Cloud, Swiftness, Flame Wave.
     0 | D:1      | Reached XP level 1. HP: 13/13 MP: 10/10
   132 | D:1      | Learned a level 1 spell: Magic Dart
   210 | D:1      | Reached XP level 2. HP: 15/20 MP: 7/12
   604 | D:1      | Reached XP level 3. HP: 25/25 MP: 9/13
  1506 | D:2      | Reached skill level 1 in Fighting
  1506 | D:2      | Reached skill level 1 in Short Blades
  1506 | D:2      | Reached skill level 1 in Long Blades
  1506 | D:2      | Reached skill level 1 in Axes
  1506 | D:2      | Reached skill level 1 in Maces & Flails
  1506 | D:2      | Reached skill level 1 in Polearms
  1506 | D:2      | Reached skill level 1 in Staves
  1506 | D:2      | Reached skill level 1 in Ranged Weapons
  1506 | D:2      | Reached skill level 1 in Throwing
  1506 | D:2      | Reached skill level 1 in Armour
  1506 | D:2      | Reached skill level 1 in Dodging
  1506 | D:2      | Reached skill level 1 in Shields
  1506 | D:2      | Reached skill level 1 in Unarmed Combat
  1506 | D:2      | Reached skill level 1 in Evocations
  1720 | D:2      | Found a hazy altar of Hepliaklqana.
  1982 | D:3      | Reached XP level 4. HP: 32/32 MP: 10/15
  2261 | D:3      | Noticed Grinder
  2262 | D:3      | Paralysed by Grinder for 2 turns
  2277 | D:3      | Paralysed by Grinder for 4 turns
  2288 | D:3      | Killed Grinder
  2289 | D:3      | Reached skill level 1 in Hexes
  2289 | D:3      | Reached skill level 1 in Summonings
  2289 | D:3      | Reached skill level 1 in Necromancy
  2289 | D:3      | Reached skill level 1 in Translocations
  2289 | D:3      | Reached skill level 1 in Transmutations
  2289 | D:3      | Reached skill level 1 in Fire Magic
  2289 | D:3      | Reached skill level 1 in Ice Magic
  2289 | D:3      | Reached skill level 1 in Air Magic
  2289 | D:3      | Reached skill level 1 in Earth Magic
  2289 | D:3      | Reached skill level 1 in Poison Magic
  2289 | D:3      | Reached XP level 5. HP: 20/38 MP: 6/17
  2289 | D:3      | Reached XP level 6. HP: 23/44 MP: 6/18
  2297 | D:3      | Learned a level 3 spell: Mephitic Cloud
  2734 | D:4      | Found Rufur's Antique Armour Shop.
  2817 | D:4      | Found a hide-covered altar of Uskayaw.
  2842 | D:4      | Found a shadowy altar of Dithmenos.
  2901 | D:4      | Found a sand-covered staircase.
  2907 | Ossuary  | Entered an ossuary
  3156 | Ossuary  | Reached XP level 7. HP: 23/51 MP: 14/20
  3651 | Ossuary  | Reached skill level 5 in Stealth
  4575 | D:4      | Reached XP level 8. HP: 52/58 MP: 14/21
  4936 | D:4      | Bought a fading leather armour for 189 gold pieces
  4936 | D:4      | Identified the +3 leather armour "Ympus" {Dex+3} (You
                  | bought it in a shop on level 4 of the Dungeon)
  4950 | D:5      | Entered Level 5 of the Dungeon
  5088 | D:5      | Found a snail-covered altar of Cheibriados.
  5334 | D:5      | Reached skill level 10 in Spellcasting
  5693 | D:5      | Noticed a hornet
  5717 | D:5      | Killed a hornet
  5718 | D:5      | Reached skill level 5 in Invocations
  5718 | D:5      | Reached XP level 9. HP: 48/65 MP: 20/23
  6060 | D:5      | Found a staircase to the Ecumenical Temple.
  6083 | Temple   | Entered the Ecumenical Temple
  6114 | Temple   | Became a worshipper of Vehumet
  6219 | D:6      | Found a blossoming altar of Fedhas.
  6544 | D:6      | Found a white marble altar of Elyvilon.
  6708 | D:6      | Found a basalt altar of Yredelemnul.
  6919 | D:6      | Noticed Blork the orc
  6927 | D:6      | Killed Blork the orc
  7265 | D:7      | Reached * piety under Vehumet
  7265 | D:7      | Offered knowledge of Foxfire by Vehumet.
  7716 | D:7      | Found Gaoz's Overcharged Wands.
  7732 | D:7      | Found Zepp's Weapon Emporium.
  7865 | D:7      | You fall into a shaft and drop 1 floor!
  7870 | D:8      | Noticed a death yak
  8237 | D:8      | Found a runed translucent door.
  8238 | D:8      | Found a runed translucent gate.
  8289 | D:8      | Reached skill level 5 in Fighting
  8289 | D:8      | Reached skill level 5 in Short Blades
  8289 | D:8      | Reached skill level 5 in Long Blades
  8289 | D:8      | Reached skill level 5 in Axes
  8289 | D:8      | Reached skill level 5 in Maces & Flails
  8289 | D:8      | Reached skill level 5 in Polearms
  8289 | D:8      | Reached skill level 5 in Staves
  8289 | D:8      | Reached skill level 5 in Ranged Weapons
  8289 | D:8      | Reached skill level 5 in Throwing
  8289 | D:8      | Reached skill level 5 in Armour
  8289 | D:8      | Reached skill level 5 in Dodging
  8289 | D:8      | Reached skill level 5 in Shields
  8289 | D:8      | Reached skill level 5 in Unarmed Combat
  8289 | D:8      | Reached skill level 5 in Evocations
  8289 | D:8      | Reached XP level 10. HP: 57/74 MP: 22/24
  8469 | D:7      | Offered knowledge of Sandblast by Vehumet.
  8483 | D:7      | Reached ** piety under Vehumet
  9048 | D:4      | Bought a slimy robe for 153 gold pieces
  9048 | D:4      | Identified the +2 robe "Hemut" {MP+9 Int+3} (You bought it
                  | in a shop on level 4 of the Dungeon)
  9159 | D:8      | Found the +9 staff of Olgreb {rPois∞}
  9442 | D:8      | Noticed a death yak
  9460 | D:8      | Noticed a death yak
  9460 | D:8      | Noticed a death yak
  9460 | D:8      | Noticed a death yak
  9585 | D:8      | Found a runed translucent gate.
  9600 | D:8      | Learned a level 4 spell: Flame Wave
  9626 | D:8      | Found a runed translucent gate.
  9630 | D:8      | Found a shimmering blue altar of Sif Muna.
  9669 | D:8      | Found a staircase to the Lair.
  9849 | D:8      | Found a runed translucent door.
 10608 | D:9      | Offered knowledge of Dazzling Flash by Vehumet.
 10613 | D:9      | Learned a level 3 spell: Dazzling Flash
 10851 | D:9      | Paralysed by a hornet for 3 turns
 10857 | D:9      | Paralysed by a hornet for 1 turns
 11058 | D:9      | Reached skill level 11 in Spellcasting
 11058 | D:9      | Reached *** piety under Vehumet
 11443 | D:10     | Entered Level 10 of the Dungeon
 11453 | D:10     | Found the ring of Shadows {Umbra +Inv Stlth+}
 11472 | D:10     | Noticed a gargoyle
 11478 | D:10     | Killed a gargoyle
 11479 | D:10     | Reached skill level 5 in Hexes
 11479 | D:10     | Reached skill level 5 in Summonings
 11479 | D:10     | Reached skill level 5 in Necromancy
 11479 | D:10     | Reached skill level 5 in Translocations
 11479 | D:10     | Reached skill level 5 in Transmutations
 11479 | D:10     | Reached skill level 5 in Fire Magic
 11479 | D:10     | Reached skill level 5 in Ice Magic
 11479 | D:10     | Reached skill level 5 in Air Magic
 11479 | D:10     | Reached skill level 5 in Earth Magic
 11479 | D:10     | Reached skill level 5 in Poison Magic
 11479 | D:10     | Reached XP level 11. HP: 81/81 MP: 26/26
 11544 | D:10     | Offered knowledge of Volatile Blastmotes by Vehumet.
 11811 | D:10     | Noticed a two-headed ogre
 11872 | D:10     | Killed a two-headed ogre
 11975 | D:10     | Found a stormy altar of Qazlal.
 12069 | D:10     | Found a bloodstained altar of Trog.
 12236 | D:10     | Found a staircase to the Orcish Mines.
 12772 | D:8      | Reached **** piety under Vehumet
 12964 | D:8      | Offered knowledge of Fireball by Vehumet.
 13150 | Orc:1    | Entered Level 1 of the Orcish Mines
 13285 | Orc:1    | Noticed Erolcha
 13321 | Orc:1    | Noticed an orc knight
 13348 | Orc:1    | Killed an orc knight
 13402 | Orc:1    | Noticed Urug
 13571 | Orc:1    | Killed Urug
 13835 | Orc:1    | Killed Erolcha
 13985 | Orc:1    | Found Wanop's Jewellery Emporium.
 14191 | Orc:1    | Found a runed translucent door.
 14194 | Orc:1    | Noticed a balrug
 14602 | Orc:2    | Entered Level 2 of the Orcish Mines
 14665 | Orc:2    | Found a radiant altar of Vehumet.
 14883 | Orc:2    | Reached XP level 12. HP: 91/91 MP: 27/27
 14895 | Orc:2    | Reached ***** piety under Vehumet
 14910 | Orc:2    | Offered knowledge of Conjure Ball Lightning by Vehumet.
 15254 | Orc:2    | Found a staircase to the Elven Halls.
 15329 | Orc:2    | Paralysed by an orc sorcerer for 5 turns
 15403 | Orc:2    | Noticed an ogre mage
 15413 | Orc:2    | Paralysed by an ogre mage for 3 turns
 15415 | Orc:2    | HP: 2/91 [ogre/+0 giant club (33)]
 15416 | Orc:2    | Killed an ogre mage
 15422 | Orc:2    | HP: 1/91 [ogre/+0 giant club (11)]
 15889 | Orc:2    | Found Ufosibouw's Jewellery Shop.
 15915 | Orc:2    | Found a radiant altar of Vehumet.
 15915 | Orc:2    | Noticed an ogre mage
 15927 | Orc:2    | Killed an ogre mage
 16029 | Orc:2    | Found Xoisemp's Distillery.
 16033 | Orc:2    | Noticed Nergalle
 16200 | Orc:2    | Reached skill level 12 in Spellcasting
 16224 | Orc:2    | Found an ancient bone altar of Kikubaaqudgha.
 16228 | Orc:2    | Killed Nergalle
 16365 | Orc:2    | Found Godosufo's Antique Armour Boutique.
 16399 | Orc:2    | Found Vinter's Jewellery Shop.
 16610 | Lair:1   | Entered Level 1 of the Lair of Beasts
 17095 | Lair:1   | Found a transporter.
 17098 | Lair:1   | Noticed adizb's ghost (journeyman DEHu)
 17102 | Lair:1   | Noticed a boulder beetle
 17141 | Lair:1   | Offered knowledge of Fulminant Prism by Vehumet.
 17144 | Lair:1   | Reached XP level 13. HP: 76/98 MP: 29/29
 17329 | Lair:1   | Noticed Maggie
 17335 | Lair:1   | Killed Maggie
 17361 | Lair:1   | Identified the ring "Piadum" {Will- rCorr Str+2 Int+9}
 17505 | Lair:1   | Found a transporter.
 17823 | Lair:2   | Found a dark tunnel.
 17887 | Volcano  | Entered a volcano
 17951 | Volcano  | Learned a level 5 spell: Freezing Cloud
 18106 | Volcano  | Reached skill level 10 in Invocations
 18306 | Lair:2   | Found a hole to the Spider Nest.
 18358 | Lair:2   | Found a staircase to the Shoals.
 19485 | Lair:3   | Reached skill level 10 in Stealth
 19621 | Lair:3   | Noticed Nessos
 19636 | Lair:3   | Killed Nessos
 19996 | Lair:4   | Reached XP level 14. HP: 107/108 MP: 30/30
 20242 | Lair:4   | Found a runed translucent door.
 20242 | Lair:4   | Found a viscous altar of Jiyva.
 20243 | Lair:4   | Found a staircase to the Slime Pits.
 20243 | Lair:4   | Noticed an acid blob
 20314 | Lair:4   | Identified the amulet "Lounuv" {Spirit rC+ Int+3}
 20752 | Lair:4   | Learned a level 6 spell: Iron Shot
 21016 | Lair:5   | Entered Level 5 of the Lair of Beasts
 21027 | Lair:5   | HP: 2/98 [skyshark (6)]
 21027 | Lair:5   | Mangled by a skyshark

Illustrated notes

Levels and vault maps discovered:
D:1:      elethiomel_arrival_maze, layout_basic, serial_aquarium,
          aquarium_bridge_square [aquarium_subvault_wall,
          aquarium_subvault_wall, aquarium_subvault_window,
          aquarium_subvault_bridge], aquarium_window_double, aquarium_window_1,
          aquarium_window_corner, aquarium_view_2d, aquarium_view_2b,
          aquarium_balcony_3a, aquarium_pool_2, amethyst_killhole
D:2:      layout_rooms, basic_altar, kennysheep_path_1
D:3:      layout_loops_cross, uniq_grinder
D:4:      cheibrodos_barr_body, layout_cave_pods, pf_just_have_faith,
          nicolae_dithmenos_shadow_blocks, serial_shops, nicolae_stop_n_shop_1,
          nicolae_ossuary_entry_plus
D:5:      layout_loops_cross, cheibriados_altar_1,
          minmay_temple_entry_antechambers
D:6:      layout_gridville, kennysheep_ying_yang, fedhas_altar_3,
          uniq_blork_the_orc
D:7:      layout_basic, serial_shops, nicolae_shop_just_a_little_nook,
          nicolae_kite_square_tiling_tiny, nicolae_shop_overcharged_wands
D:8:      layout_basic, nicolae_sif_muna_condensation, dpeg_lair_monsters,
          serial_ice, serial_ice_e, serial_ice_o, serial_ice_d, serial_ice_n,
          minmay_guarded_unrand_staff_of_olgreb
D:9:      layout_rooms, hangedman_abyss_or_decor_stabs
D:10:     layout_layer_cave, grunt_qazlal_clouds, bloody_trog,
          hiddenorc1_lemuel, fountainhead
Temple:   nicolae_temple_ecumenical_triangle
Lair:1:   layout_chaotic_city, gammafunk_ghost_berserking_beasts, st_stairs_9,
          uniq_maggie
Lair:2:   layout_roguey, shoals_dummy_entry, spider_nest_entry_webs,
          nicolae_volcano_entry_hallway, serial_bayou_shore_a
Lair:3:   layout_gridlike, infiniplex_staircase_pool_2, uniq_nessos
Lair:4:   layout_cave_pods, slime_entry_2
Lair:5:   grunt_lair_end_beastmaster, layout_cave_pods,
          chequers_serial_rivers_micro_c
Orc:1:    dreamdust_dug_too_deep, layout_caves, serial_shops, shop, uniq_urug,
          uniq_erolcha
Orc:2:    kennysheep_orc_mage_school, layout_diamond_mine, basic_altar

Skill      XL: |  1  2  3  4  5  6  7  8  9 10 11 12 13 |
---------------+----------------------------------------+-----
Spellcasting   | 10 11 12 | 12.9
Fighting       | 1 2 3 5 6 7 8 9 |  9.3
Short Blades   | 1 2 3 5 6 7 8 9 |  9.3
Long Blades    | 1 2 3 5 6 7 8 9 |  9.3
Axes           | 1 2 3 5 6 7 8 9 |  9.3
Maces & Flails | 1 2 3 5 6 7 8 9 |  9.3
Polearms       | 1 2 3 5 6 7 8 9 |  9.3
Staves         | 1 2 3 5 6 7 8 9 |  9.3
Ranged Weapons | 1 2 3 5 6 7 8 9 |  9.3
Throwing       | 1 2 3 5 6 7 8 9 |  9.3
Armour         | 1 2 3 5 6 7 8 9 |  9.3
Dodging        | 1 2 3 5 6 7 8 9 |  9.3
Shields        | 1 2 3 5 6 7 8 9 |  9.3
Unarmed Combat | 1 2 3 5 6 7 8 9 |  9.3
Evocations     | 1 2 3 5 6 7 8 9 |  9.3
Hexes          | 1 2 3 4 5 6 7 |  7.7
Summonings     | 1 2 3 4 5 6 7 |  7.7
Necromancy     | 1 2 3 4 5 6 7 |  7.7
Translocations | 1 2 3 4 5 6 7 |  7.7
Transmutations | 1 2 3 4 5 6 7 |  7.7
Fire Magic     | 1 2 3 4 5 6 7 |  7.7
Ice Magic      | 1 2 3 4 5 6 7 |  7.7
Air Magic      | 1 2 3 4 5 6 7 |  7.7
Earth Magic    | 1 2 3 4 5 6 7 |  7.7
Poison Magic   | 1 2 3 4 5 6 7 |  7.7
Invocations    | 3 4 5 6 7 8 9 10 | 10.4
Stealth        | 5 6 7 8 9 10 | 10.2
Conjurations   | 6 7 8 9 |  9.5

Action                     |  1- 3 |  4- 6 |  7- 9 | 10-12 | 13-15 || total
---------------------------+-------+-------+-------+-------+-------++-------
  Melee: Dagger            |     8 |    61 |   302 |    22 |       ||   393
         Bite              |       |     8 |    50 |    73 |    30 ||   161
         Scimitar          |       |       |       |   245 |       ||   245
         Staff             |       |       |       |   199 |   200 ||   399
  Throw: Throwing net      |       |       |       |     1 |       ||     1
   Cast: Magic Dart        |    85 |    82 |   240 |   142 |     7 ||   556
         Mephitic Cloud    |       |     1 |    20 |    88 |    28 ||   137
         Flame Wave        |       |       |       |     2 |       ||     2
         Dazzling Flash    |       |       |       |     2 |       ||     2
         Freezing Cloud    |       |       |       |       |     6 ||     6
Ability: Evoke the Staff o |       |       |       |    39 |    18 ||    57
  Evoke: Wand              |       |       |       |     8 |       ||     8
    Use: Potion            |       |       |     2 |     5 |       ||     7
         Scroll            |       |       |    12 |     5 |     3 ||    20
   Stab: Sleeping          |       |     1 |     3 |     6 |     7 ||    17
         Confused          |       |       |    13 |    37 |    12 ||    62
         Distracted        |       |       |       |     1 |     1 ||     2
 Armour: Robe              |     6 |    21 |    27 |    69 |    34 ||   157
         Leather armour    |       |       |    61 |     5 |       ||    66
  Dodge: Dodged            |    10 |    36 |   173 |   243 |    99 ||   561
  Block: Buckler           |       |       |    19 |    85 |    43 ||   147
